 Dungeon Crawl Stone Soup version 0.19.3-1-g3169bf9 (console) character file.

95 Lahna the Skirmisher (level 4, -3/40 HPs)
             Began as a Ghoul Monk on Jan 23, 2017.
             Slain by Grinder (5 damage)
             ... while paralysed by Grinder
             ... on level 3 of the Dungeon.
             The game lasted 00:05:39 (2190 turns).

Lahna the Skirmisher (Ghoul Monk)                   Turns: 2190, Time: 00:05:39

Health: -3/40      AC:  3    Str: 14    XL:     4   Next: 66%
Magic:  3/3        EV:  2    Int:  5    God:
Gold:   204        SH:  0    Dex: 12    Spells: 0 memorised, 3 levels left

rFire  . . .     SeeInvis .       - Unarmed
rCold  + . .     Gourm    .     a - +0 robe
rNeg   + + +     Faith    .     (no shield)
rPois  ∞         Spirit   .     (no helmet)
rElec  .         Reflect  .     (no cloak)
rCorr  .         Harm     .     (no gloves)
MR     .....                    t - +0 pair of boots
Stlth  ++........               (no amulet)
                                (no ring)
                                (no ring)

@: paralysed, rotting
A: rotting body, claws 1, carnivore 3, cold resistance 1, negative energy
resistance 3, slow regeneration 1, torment resistance, unbreathing
a: no special abilities


You were on level 3 of the Dungeon.
You were not hungry.

You visited 1 branch of the dungeon, and saw 3 of its levels.

You collected 204 gold pieces.

Inventory:

Armour
 a - a +0 robe (worn)
 t - a +0 pair of boots (worn)
 v - a +0 scale mail
Wands
 r - a wand of flame (19/48)
Scrolls
 c - 2 scrolls of enchant weapon {unknown}
 g - a scroll of fog {unknown}
 h - 2 scrolls of recharging {unknown}
 i - a scroll of random uselessness {unknown}
 k - a scroll of amnesia {unknown}
 l - a scroll of fear {unknown}
 m - a scroll of identify {unknown}
 n - a scroll of remove curse {unknown}
 p - a scroll of teleportation {unknown}
 q - a scroll of enchant armour {unknown}
Potions
 e - a potion of heal wounds
 f - a potion of degeneration {unknown}
 j - a potion of curing {unknown}
 o - a potion of lignification {unknown}
 s - a potion of haste {unknown}
 u - a potion of flight {unknown}
 w - a potion of ambrosia {unknown}
Comestibles
 b - 3 meat rations
 d - 4 chunks of flesh


   Skills:
 + Level 4.1 Fighting
 - Level 3.0 Dodging
 + Level 3.8 Stealth
 + Level 3.8 Unarmed Combat


You had 3 spell levels left.
You didn't know any spells.

Dungeon Overview and Level Annotations

Branches:
Dungeon (3/15)

Altars:
Ru

Annotations:
D:3 Grinder


Innate Abilities, Weirdness & Mutations

Your body is rotting away.
You thrive on raw meat.
You are immune to poison.
You have sharp fingernails.
You are carnivorous and can eat meat at any time.
Your flesh is cold resistant. (rC+)
You are immune to negative energy. (rN+++)
You regenerate slowly when monsters are visible.
You are immune to unholy pain and torment.
You can survive without breathing.


Message History

Grinder gestures at you. You resist with significant effort.
It was a potion of heal wounds.
You feel much better.
Grinder blinks!
You scratch Grinder.
Grinder is lightly wounded.
Grinder blinks!
You closely miss Grinder.
Grinder is lightly wounded.
Grinder gestures at you.
You suddenly lose the ability to move!
Grinder hits you. Grinder hits you but does no damage. Grinder hits you. x2
Some of the chunks of flesh in your inventory have rotted away.
Grinder hits you!
* * * LOW HITPOINT WARNING * * *
Grinder hits you!
* * * LOW HITPOINT WARNING * * *
Grinder hits you.
You die...

░..........░ ░.░ ░..░ ░.5....░░░░
░.░░░░░░░░.░░░.░░░░.░░░.........░
...÷.............░░.....░...░░...
░.░░░░░░░░.░░░.░.░░░░.░░░░░░░ ░.░
░.░ ░.░.░ ░.░ ░.░ ░.░░░..░.░░░.░
░.░ ... ..░░░..$.░ ░.░ ░░░
░░.░5░░░░░ ░.░ .░ ░@░░ ░.. .(░
░...░ ░░░ ░.░ ░.░░░░ ░.░ ░. ░<░
░.░ ░[░ ░.░ ░░░░░░.░ ░.░ .).....░
░.░ ..░░░░.░ ░.░


You could see Grinder.

Vanquished Creatures
  Jessica (D:3)
  An adder (D:3)
  3 worms (D:2)
  2 dart slugs
  3 leopard geckos
  2 ball pythons
  5 goblins
  5 hobgoblins
  2 jackals (D:3)
  10 bats
  3 frilled lizards
  4 kobolds
  8 rats
49 creatures vanquished.

Notes
Turn   | Place    | Note
-------+----------+-------------------------------------------
     0 | D:1      | Lahna the Ghoul Monk began the quest for the Orb.
     0 | D:1      | Reached XP level 1. HP: 19/19 MP: 0/0
   348 | D:1      | Reached XP level 2. HP: 26/26 MP: 1/1
  1010 | D:2      | Reached XP level 3. HP: 27/31 MP: 2/2
  1763 | D:3      | Noticed Jessica
  1768 | D:3      | Killed Jessica
  1768 | D:3      | Reached skill level 4 in Fighting
  1768 | D:3      | Reached XP level 4. HP: 35/40 MP: 3/3
  2035 | D:3      | Found a sacrificial altar of Ru.
  2151 | D:3      | Noticed Grinder
  2158 | D:3      | Paralysed by Grinder for 5 turns
  2171 | D:3      | Paralysed by Grinder for 2 turns
  2183 | D:3      | Paralysed by Grinder for 7 turns
  2189 | D:3      | HP: 2/40 [Grinder (9)]
  2190 | D:3      | Slain by Grinder

Skill      XL: |  1  2  3 |
---------------+----------+-----
Dodging        | 3 |  3.0
Stealth        | 3 |  3.8
Fighting       | 4 |  4.1
Unarmed Combat | |  3.8

Action                   |  1- 3 |  4- 6 || total
-------------------------+-------+-------++-------
Melee: Unarmed           |   111 |    42 ||   153
       Punch             |     1 |       ||     1
  Use: Potion            |       |     1 ||     1
 Stab: Sleeping          |     5 |     2 ||     7
  Eat: Chunk             |     5 |       ||     5
Armor: Robe              |    25 |    15 ||    40
Dodge: Dodged            |    64 |    22 ||    86
